 Dungeon Crawl Stone Soup version bcrawl-1.27.3 (webtiles) character file.

Game seed: 8913391712535940127

118064 esc the Sneak (level 4, 0/37 HPs)
             Began as a Demonspawn Archaeologist on Oct 6, 2020.
             Slain by Sigmund
             ... wielding a +0 scythe
              (9 damage)
             ... on level 2 of the Dungeon.
             The game lasted 00:02:53 (1926 turns).

esc the Sneak (Demonspawn Archaeologist)            Turns: 1926, Time: 00:02:54

Health: 0/37       AC:  5    Str: 13    XL:     4   Next: 9%
Magic:  0/4        EV: 11    Int: 15    God:
Gold:   80         SH:  4    Dex: 13    Spells: 3/3 levels left

rFire    . . .     SeeInvis .   a - +0 whip
rCold    . . .     Gourm    .   m - +0 buckler
rNeg     . . .     Faith    .   k - +0 robe (curse)
rPois    .         Spirit   +   c - +1 hat
rElec    .         Reflect  .   (no cloak)
rCorr    .         Harm     .   (no gloves)
MR       +....     Rnd*Tele +   d - +1 pair of boots
Stlth    ++........             j - amulet of the acrobat
HPRegen  0.12/turn              (no ring)
MPRegen  0.09/turn              (no ring)

@: no status effects
A: hooves 1, agile 1, magic resistance 1, robust 1, teleportitis 1, magic shield
a: no special abilities


You were on level 2 of the Dungeon.
You were hungry.

You visited 1 branch of the dungeon, and saw 2 of its levels.

You collected 80 gold pieces.

Inventory:

Hand Weapons
 a - a +0 whip (weapon)
Armour
 b - a +1 robe
 c - a +1 hat (worn)
 d - a +1 pair of boots (worn)
 k - a cursed +0 robe (worn)
 m - a +0 buckler (worn)
Jewellery
 j - an amulet of the acrobat (around neck)
Scrolls
 g - a scroll of magic mapping
 h - 2 scrolls of teleportation {unknown}
 n - a scroll of fog {unknown}
Miscellaneous
 f - a dusty tome
Comestibles
 e - 3 rations {!d}


   Skills:
 + Level 2.5 Fighting
 + Level 2.2 Maces & Flails
 - Level 2.6 Dodging
 - Level 3.0 Stealth
 + Level 1.3 Shields


You had 3 spell levels left.
You didn't know any spells.
Your spell library was empty.

Dungeon Overview and Level Annotations

Branches:
Dungeon (2/12)

Altars:

Annotations:
D:2 Sigmund


Innate Abilities, Weirdness & Mutations

You have large cloven feet.
When hurt, damage is shared between your health and your magic reserves.
You are agile. (Dex +2)
You are resistant to hostile enchantments. (MR+)
You are robust. (+10% HP)
You are occasionally teleported next to monsters.


Message History

Sigmund is heavily wounded.
Sigmund barely misses you.
You hit Sigmund.
Sigmund is heavily wounded.
You closely miss Sigmund.
Sigmund is heavily wounded.
You block Sigmund's attack.
You hit Sigmund.
Sigmund is heavily wounded.
Sigmund hits you with a +0 scythe.
* * * LOW HITPOINT WARNING * * *
You hit Sigmund.
Sigmund is heavily wounded.
Your shield prevents you from hitting Sigmund.
Sigmund is heavily wounded.
Sigmund completely misses you.
You closely miss Sigmund.
Sigmund is heavily wounded.
Sigmund hits you with a +0 scythe!
You die...

#..... ## ###.##.# .
#......# .
##########.#.#### #.
........#.#.#
#.##.####..####.#.#..
#.......#..##.....####
####.......##.#.###
.....##@#..##.#.#
####..@.........#
#.##.......### #
###)##### #.# ..# ####


You could see Sigmund.

Vanquished Creatures
  Jessica (D:2)
  An adder (D:2)
  2 worms (D:2)
  4 leopard geckos
  A giant cockroach (D:1)
  3 hobgoblins (D:1)
  7 jackals (D:2)
  2 kobolds
  A bat (D:2)
  A frilled lizard (D:2)
  7 rats
30 creatures vanquished.

Notes
Turn   | Place    | Note
-------+----------+-------------------------------------------
     0 | D:1      | esc the Demonspawn Archaeologist began the quest for the
                  | Orb.
     0 | D:1      | Reached XP level 1. HP: 15/15 MP: 1/1
    49 | D:1      | Reached skill level 1 in Maces & Flails
   662 | D:1      | Gained mutation: You have large cloven feet. [demonic
                  | ancestry]
   662 | D:1      | Reached XP level 2. HP: 21/21 MP: 2/2
  1235 | D:2      | Noticed Jessica
  1239 | D:2      | Gained mutation: You are robust. (+10% HP) [potion of
                  | mutation]
  1239 | D:2      | Gained mutation: You are occasionally teleported next to
                  | monsters. [potion of mutation]
  1239 | D:2      | Gained mutation: You are resistant to hostile enchantments.
                  | (MR+) [potion of mutation]
  1239 | D:2      | Gained mutation: You are agile. (Dex +2) [potion of
                  | mutation]
  1266 | D:2      | Killed Jessica
  1266 | D:2      | Reached skill level 1 in Shields
  1266 | D:2      | Gained mutation: When hurt, damage is shared between your
                  | health and your magic reserves. [demonic ancestry]
  1266 | D:2      | Reached XP level 3. HP: 11/29 MP: 3/3
  1574 | D:2      | Reached XP level 4. HP: 28/37 MP: 4/4
  1786 | D:2      | Noticed Sigmund
  1926 | D:2      | Slain by Sigmund

Skill      XL: |  1  2 |
---------------+-------+-----
Maces & Flails | 1 2 |  2.2
Fighting       | 2 |  2.5
Shields        | 1 |  1.3
Dodging        | |  2.6
Stealth        | |  3.0

Action                   |  1- 3 |  4- 6 || total
-------------------------+-------+-------++-------
Melee: Whip              |   161 |    42 ||   203
  Use: Potion            |     2 |     1 ||     3
 Stab: Sleeping          |     2 |     2 ||     4
  Eat: Chunk             |     6 |     2 ||     8
Armor: Robe              |    47 |     3 ||    50
       Skin              |    12 |       ||    12
Dodge: Dodged            |    83 |    17 ||   100
Block: Buckler           |    15 |     5 ||    20
